 Dungeon Crawl Stone Soup version 0.30-a0-859-gf88a04b62d (webtiles) character file.

Game seed: 7381407141587155944

17070 Essalna the Destroyer (level 12, 0/80 HPs)
             Began as a Gargoyle Fire Elementalist on Mar 3, 2023.
             Was a Priest of Vehumet.
             Slain by Iry Ugg's ghost (7 damage)
             ... on level 3 of the Lair of Beasts on Mar 6, 2023.
             The game lasted 00:33:51 (15399 turns).

Essalna the Destroyer (Gargoyle Fire Elementalist) Turns: 15399, Time: 00:33:52

Health: 0/80       AC: 27    Str: 11    XL:     12   Next: 44%
Magic:  15/15      EV: 13    Int: 25    God:    Vehumet [***...]
Gold:   676        SH:  0    Dex: 10    Spells: 8/15 levels left

rFire   . . .      SeeInvis .    G - +7 mace of Variability {chaos, chain chaos}
rCold   . . .      Faith    .    (shield currently unavailable)
rNeg    + . .      Spirit   .    B - +1 steam dragon scales
rPois   ∞          Reflect  .    I - +1 hat {Int+3}
rElec   +          Rampage  .    y - scarf {repulsion}
rCorr   .                        o - +1 pair of gloves
Will    .....                    (no boots)
Stlth   ++                       (no amulet)
HPRegen 0.33/turn                s - +4 ring of protection
MPRegen 0.14/turn                S - +4 ring of protection

@: mighty, repel missiles
A: sickness immunity, AC +8, negative energy resistance 1, electricity
resistance, torment resistance 1, petrification resistance
a: Renounce Religion


You were on level 3 of the Lair of Beasts.
You worshipped Vehumet.
Vehumet was most pleased with you.
You visited 3 branches of the dungeon, and saw 13 of its levels.

You collected 736 gold pieces.
You spent 60 gold pieces at shops.

Inventory:

Hand Weapons
 b - a +2 short sword of chaos
 r - a +0 dagger of venom
 G - the +7 mace of Variability (weapon) {chaos, chain chaos}
   (You found it on level 8 of the Dungeon)
Missiles
 L - 4 throwing nets
Armour
 a - a +0 robe
 d - a +0 cloak
 o - a +1 pair of gloves (worn)
 v - a +0 cloak
 y - a scarf of repulsion (worn)
 B - +1 steam dragon scales (worn)
 I - a +1 hat of intelligence (worn)
 P - a +2 helmet
Magical Staves
 e - a staff of conjuration
 h - a staff of cold
 D - a staff of fire
Jewellery
 i - an amulet of faith
 s - a +4 ring of protection (left hand)
 t - an amulet of guardian spirit
 Q - a ring of fire
 R - a +4 ring of protection
 S - a +4 ring of protection (right hand)
Wands
 p - a wand of iceblast (15)
 q - a wand of digging (5)
 C - a wand of mindburst (46)
 H - a wand of flame (20)
 N - a wand of paralysis (4)
 O - a wand of polymorph (4)
Scrolls
 g - 11 scrolls of identify
 k - 3 scrolls of brand weapon
 w - a scroll of poison {unknown}
 F - a scroll of magic mapping
 K - 2 scrolls of immolation {unknown}
 M - a scroll of fog
Potions
 c - a potion of brilliance
 f - 2 potions of flight
 j - a potion of invisibility {unknown}
 l - 5 potions of heal wounds
 m - 2 potions of mutation
 n - 3 potions of curing
 u - a potion of attraction
 x - a potion of degeneration
 z - a potion of might
 A - 2 potions of haste
 E - 3 potions of ambrosia {unknown}
 J - a potion of berserk rage {unknown}
 T - a potion of cancellation {unknown}


   Skills:
 + Level 11.3 Fighting
 + Level 5.0 Maces & Flails
 + Level 5.5 Armour
 + Level 4.6 Dodging
 - Level 2.1 Stealth
 - Level 2.0 Spellcasting
 + Level 11.3 Conjurations
 + Level 10.9 Fire Magic


You had 8 spell levels left.
You knew the following spells:

 Your Spells              Type           Power      Damage    Failure   Level
a - Foxfire               Conj/Fire      100%       2x1d9     1%          1
b - Scorch                Fire           100%       2d10      1%          2
c - Flame Wave            Conj/Fire      55%        2d13      1%          4

Your spell library contained the following spells:

 Spells                   Type           Power      Damage    Failure   Level
 Mephitic Cloud           Conj/Pois/Air  21%        N/A       1%          3
 Inner Flame              Hex/Fire       29%        N/A       1%          3
 Kindle Blastsparks       Fire/Tloc/Air  40%        2d13      2%          3
 Frozen Ramparts          Ice            4%         1d1       9%          3
 Necrotise                Necr           8%         1d4       11%         1
 Summon Small Mammal      Summ           8%         N/A       11%         1
 Orb of Destruction       Conj           28%        9d9       22%         7
 Call Canine Familiar     Summ           2%         N/A       32%         3
 Ozocubu's Armour         Ice            2%         N/A       32%         3
 Summon Guardian Golem    Hex/Summ       2%         N/A       32%         3
 Vampiric Draining        Necr           2%         2d6       32%         3
 Dispel Undead            Necr           2%         3d7       73%         4
 Ice Form                 Ice/Tmut       2%         N/A       73%         4
 Summon Ice Beast         Ice/Summ       2%         N/A       73%         4
 Summon Lightning Spire   Summ/Air       2%         N/A       73%         4
 Spellforged Servitor     Conj/Summ      15%        N/A       89%         7
 Agony                    Necr           2%         N/A       97%         5
 Metabolic Englaciation   Hex/Ice        1%         N/A       97%         5
 Death Channel            Necr           1%         N/A       100%        6
 Simulacrum               Ice/Necr       1%         N/A       100%        6
 Storm Form               Tmut/Air       1%         N/A       100%        7
 Maxwell's Capacitive Co  Air            1%         ∞         100%        8
 Cigotuvi's Dreadful Rot  Necr/Pois/Air  Unusable   N/A       N/A         2

Dungeon Overview and Level Annotations

Branches:
Dungeon (9/15)             Temple (1/1) D:7            Lair (3/5) D:9
 Shoals (0/4) Lair:2       Spider (0/4) Lair:2
    Orc: D:9-12

Altars:
Ashenzari
Cheibriados
Dithmenos
Elyvilon
Fedhas
Gozag
Hepliaklqana
Kikubaaqudgha
Makhleb
Nemelex Xobeh
Okawaru
Qazlal
Ru
Sif Muna
Trog
Uskayaw
Vehumet
Wu Jian
Xom
Yredelemnul
Zin
The Shining One

Shops:
D:4 (!

Annotations:
D:3 Terence
Lair:3 Iry Ugg's ghost, journeyman TeTm; Nessos


Innate Abilities, Weirdness & Mutations

You are immune to sickness and miasma.
Your stone body is resilient. (AC +8)
You are immune to poison.
You resist negative energy. (rN+)
You are resistant to electric shocks. (rElec)
You are resistant to unholy torment.
You are immune to petrification.


Message History

Iry Ugg's ghost closely misses you.
You completely miss Iry Ugg's ghost.
Iry Ugg's ghost is lightly damaged.
Iry Ugg's ghost hits you but does no damage.
Iry Ugg's ghost closely misses you.
You feel much better.
Iry Ugg's ghost lets out a mournful wail.
Iry Ugg's ghost misses you.
You feel very mighty all of a sudden.
Iry Ugg's ghost hits you but does no damage.
You completely miss Iry Ugg's ghost.
Iry Ugg's ghost is lightly damaged.
Iry Ugg's ghost is no longer unusually agile.
Iry Ugg's ghost hits you!
* * * LOW HITPOINT WARNING * * *
You miss Iry Ugg's ghost.
Iry Ugg's ghost hits you but does no damage.
You completely miss Iry Ugg's ghost. Iry Ugg's ghost misses you.
Iry Ugg's ghost hits you but does no damage.
You barely miss Iry Ugg's ghost.
Iry Ugg's ghost hits you but does no damage.
You completely miss Iry Ugg's ghost. Iry Ugg's ghost barely misses you.
Iry Ugg's ghost completely misses you.
You completely miss Iry Ugg's ghost.
Iry Ugg's ghost hits you but does no damage.
You completely miss Iry Ugg's ghost. Iry Ugg's ghost misses you.
Iry Ugg's ghost hits you but does no damage.
You completely miss Iry Ugg's ghost.
Iry Ugg's ghost hits you but does no damage.
You miss Iry Ugg's ghost. Iry Ugg's ghost stares at you.
Iry Ugg's ghost hits you!
* * * LOW HITPOINT WARNING * * *
Iry Ugg's ghost hits you but does no damage.
You completely miss Iry Ugg's ghost. Iry Ugg's ghost hits you.
* * * LOW HITPOINT WARNING * * *
You closely miss Iry Ugg's ghost. Iry Ugg's ghost hits you.
* * * LOW HITPOINT WARNING * * *
Iry Ugg's ghost hits you!
You die...

##......... ##..........
#.#......... #...........
###.......... ### #.....>......
##.######...........
###.....P##...........
#....@...##.##........
##...#W#...............
###...##.##.....#........
#####....##...##.............
##..##...##.....##............
###........#⌠.!♣?.⌠#............
##..........##..!..##............
#............##...##.............
.#............##⌠##.........#....


You could see Iry Ugg's ghost.

Vanquished Creatures
  Gastronok (Lair:3)
  3 death yaks
  A two-headed ogre (D:8)
  Urug (Lair:2)
  Maurice (D:8)
  A merfolk siren (Lair:2)
  4 cane toads
  Maggie (D:6)
  3 komodo dragons
  A polar bear (Lair:3)
  3 blink frogs (Lair:2)
  Grinder (D:4)
  Sigmund (D:3)
  A culicivora (Lair:2)
  2 wyverns
  A jumping spider (Lair:2)
  8 yaks
  3 basilisks
  4 redbacks (Lair:2)
  3 chaos spawn (D:8)
  An acid dragon (D:8)
  4 water moccasins
  4 sky beasts
  Duvessa (D:6)
  An ice beast (D:7)
  5 orc warriors
  2 black bears
  8 wolves (Lair:1)
  8 centaurs
  2 kobold brigands
  8 bullfrogs
  2 scorpions
  A gnoll sergeant (D:9)
  9 wights
  Dowan (D:6)
  5 killer bees (D:9)
  6 howler monkeys
  6 jellies (D:5)
  3 hounds
  Crazy Yiuf (D:3)
  3 gnoll boudas
  5 orc priests
  An iguana (D:7)
  7 orc wizards
  3 sleepcaps
  Ijyb (D:4)
  16 gnolls
  4 adders
  2 shadow imps
  3 white imps
  2 ufetubi
  3 worms
  5 dart slugs
  16 orcs
  5 ball pythons
  10 bats
  4 endoplasms
  4 giant cockroaches
  8 goblins
  7 hobgoblins
  2 jackals (D:4)
  8 kobolds
  6 quokkas
  A frilled lizard (D:2)
  9 rats
257 creatures vanquished.

Vanquished Creatures (collateral kills)
  4 foxfires
4 creatures vanquished.

Vanquished Creatures (others)
  The ghost of
  112233 the Gusty, an amateur TeAE (D:4)
  A centaur (D:4)
  An iguana (D:4)
  985 foxfires
  7 fungi (Lair:2)
  14 plants
1009 creatures vanquished.

Grand Total: 1270 creatures vanquished

Notes
Turn   | Place    | Note
-------+----------+-------------------------------------------
     0 | D:1      | Essalna the Gargoyle Fire Elementalist began the quest for
                  | the Orb.
     0 | D:1      | Reached XP level 1. HP: 10/10 MP: 3/3
   240 | D:1      | Reached XP level 2. HP: 10/16 MP: 1/5
   314 | D:1      | Reached skill level 1 in Fighting
  1042 | D:1      | Reached XP level 3. HP: 20/20 MP: 2/6
  1232 | D:1      | Learned a level 2 spell: Scorch
  1740 | D:2      | Found a faded altar of an unknown god.
  2359 | D:2      | Upgraded the game from 0.30-a0-845-g7c6808c8ce to
                  | 0.30-a0-859-gf88a04b62d
  2480 | D:3      | Identified the +7 sling of Blood-Lust {flame, rC+}
  2491 | D:3      | Reached XP level 4. HP: 24/26 MP: 5/7
  2570 | D:3      | Learned a level 4 spell: Flame Wave
  2646 | D:3      | Found a runed translucent door.
  2647 | D:3      | Noticed Crazy Yiuf
  2664 | D:3      | Noticed Sigmund
  2714 | D:4      | Found a stormy altar of Qazlal.
  2719 | D:4      | Found a glowing silver altar of Zin.
  2754 | D:4      | Found Zeamoh's Distillery.
  2759 | D:4      | Bought a potion of heal wounds for 60 gold pieces
  2834 | D:4      | Found an iron altar of Okawaru.
  2942 | D:4      | Noticed Ijyb
  2965 | D:4      | Killed Ijyb
  3130 | D:4      | Found a runed translucent gate.
  3132 | D:4      | Found a runed translucent gate.
  3132 | D:4      | Noticed 112233's ghost (amateur TeAE)
  3133 | D:4      | Found a runed translucent gate.
  3139 | D:4      | Noticed a centaur
  3207 | D:3      | Noticed Terence
  3315 | D:4      | Reached XP level 5. HP: 31/31 MP: 1/8
  3574 | D:3      | Killed Sigmund
  3575 | D:3      | Reached XP level 6. HP: 38/38 MP: 0/9
  4079 | D:3      | Killed Crazy Yiuf
  4242 | D:4      | Found a blossoming altar of Fedhas.
  4243 | D:4      | Noticed Grinder
  4251 | D:4      | Killed Grinder
  4252 | D:4      | Reached skill level 5 in Fire Magic
  4252 | D:4      | Reached XP level 7. HP: 40/44 MP: 1/10
  4410 | D:4      | Found Mewiciykk's Weapon Boutique.
  4694 | D:5      | Entered Level 5 of the Dungeon
  4834 | D:5      | Reached skill level 5 in Conjurations
  4926 | D:5      | Reached skill level 5 in Fighting
  5123 | D:5      | Reached XP level 8. HP: 49/49 MP: 3/11
  6363 | D:6      | Noticed Duvessa
  6452 | D:6      | Noticed Dowan
  6468 | D:6      | Killed Dowan
  6548 | D:6      | Reached XP level 9. HP: 52/56 MP: 4/12
  6839 | D:6      | Noticed Maggie
  6852 | D:6      | Killed Maggie
  7091 | D:6      | Killed Duvessa
  7426 | D:4      | Killed 112233's ghost
  8528 | D:7      | Reached XP level 10. HP: 63/65 MP: 2/13
  8880 | D:7      | Found a staircase to the Ecumenical Temple.
  8889 | Temple   | Entered the Ecumenical Temple
  9037 | Temple   | Became a worshipper of Vehumet
  9551 | D:8      | Noticed Maurice
  9563 | D:8      | Killed Maurice
  9754 | D:8      | Noticed a two-headed ogre
  9759 | D:8      | Killed a two-headed ogre
 10180 | D:8      | Found a shimmering altar of Xom.
 10180 | D:8      | Found the +7 mace of Variability {chaos, chain chaos}
 10402 | D:8      | Reached * piety under Vehumet
 10402 | D:8      | Offered knowledge of Freeze by Vehumet.
 10947 | D:9      | Reached skill level 10 in Conjurations
 10983 | D:9      | Found a staircase to the Lair.
 10992 | D:9      | Reached skill level 1 in Maces & Flails
 11038 | D:9      | Reached skill level 10 in Fighting
 11040 | D:9      | Reached skill level 1 in Armour
 11145 | D:9      | Found a snail-covered altar of Cheibriados.
 11302 | D:9      | Reached XP level 11. HP: 51/72 MP: 8/14
 11436 | D:9      | Reached ** piety under Vehumet
 11436 | D:9      | Offered knowledge of Searing Ray by Vehumet.
 11791 | Lair:1   | Entered Level 1 of the Lair of Beasts
 11836 | Lair:1   | Reached skill level 10 in Fire Magic
 13173 | Lair:2   | Offered knowledge of Mephitic Cloud by Vehumet.
 13370 | Lair:2   | Noticed Urug
 13384 | Lair:2   | Killed Urug
 13846 | Lair:2   | Found a staircase to the Shoals.
 14003 | Lair:2   | Reached XP level 12. HP: 76/79 MP: 2/15
 14194 | Lair:2   | Found a hole to the Spider Nest.
 14414 | Lair:2   | Reached *** piety under Vehumet
 14678 | Lair:3   | Reached skill level 5 in Armour
 14816 | Lair:3   | Noticed Iry Ugg's ghost (journeyman TeTm)
 14819 | Lair:3   | Found a runed translucent door.
 14840 | Lair:3   | Noticed a death yak
 14840 | Lair:3   | Noticed Gastronok
 14841 | Lair:3   | Noticed a death yak
 14847 | Lair:3   | Noticed a death yak
 14877 | Lair:2   | Killed a death yak
 15058 | Lair:3   | Killed a death yak
 15063 | Lair:3   | Killed a death yak
 15213 | Lair:3   | Noticed Nessos
 15214 | Lair:3   | Noticed an eight-headed hydra
 15286 | Lair:3   | Killed Gastronok
 15287 | Lair:3   | Reached skill level 5 in Maces & Flails
 15382 | Lair:3   | HP: 3/80 [Iry Ugg's ghost (11)]
 15399 | Lair:3   | Slain by Iry Ugg's ghost

Illustrated notes

Levels and vault maps discovered:
D:1:      dpeg_arrival_prison, layout_loops_ring
D:2:      layout_loops_ring, dilly_ecumenical_altar_fadedgnrine
D:3:      layout_rooms, uniq_crazy_yiuf_cottage, uniq_sigmund, uniq_terence
D:4:      layout_basic, mainiacjoe_overflow_catwalk,
          chequers_temple_overflow_statue_of_worship, lemuel_tele_altar,
          gammafunk_ghost_split, serial_shops, shop,
          nicolae_shop_bloodbath_and_beyond, uniq_grinder, uniq_ijyb
D:5:      nicolae_cairo_tiling_large, layout_cave_pools,
          minmay_fractal_squares_diagonal_5
D:6:      layout_rooms, dreamdust_mushroom_princess,
          chequers_serial_rivers_micro_e, centaur_isle, uniq_maggie,
          uniq_duvessa
D:7:      layout_basic, minmay_temple_entry_poolview
D:8:      layout_basic, minmay_guarded_unrand_variability, uniq_maurice
D:9:      layout_irregular_city, cheibriados_altar_1, lair_entry_dummy
Temple:   minmay_crystal_spiral_temple
Lair:1:   layout_cellular_growth, beast_lair_carwin_9, grunt_megastairs_4,
          lemuel_fruit_tree
Lair:2:   layout_regular_city, minmay_shoals_entry_lonely_mermaid,
          nicolae_spider_entry_tight_spaces, grunt_megastairs_1,
          infiniplex_staircase_pool, uniq_urug
Lair:3:   layout_cave_shapes, hellmonk_ghost_happy_afterlife,
          serial_bayou_pond_c, uniq_nessos, uniq_gastronok

Skill      XL: |  1  2  3  4  5  6  7  8  9 10 11 12 |
---------------+-------------------------------------+-----
Fighting       | 1 2 3 4 5 6 8 10 11 | 11.3
Conjurations   | 2 3 4 5 7 8 10 11 | 11.3
Fire Magic     | 4 5 7 8 9 10 | 10.9
Maces & Flails | 1 4 5 |  5.0
Armour         | 1 4 5 |  5.5
Dodging        | 2 4 |  4.6
Stealth        | |  2.1
Spellcasting   | |  2.0

Action                     |  1- 3 |  4- 6 |  7- 9 | 10-12 || total
---------------------------+-------+-------+-------+-------++-------
  Melee: Unarmed           |    69 |     4 |       |       ||    73
         Punch             |     1 |       |     4 |       ||     5
         Dagger            |       |    10 |    37 |       ||    47
         Staff             |       |       |    38 |     8 ||    46
         Great mace        |       |       |       |   234 ||   234
   Cast: Foxfire           |   109 |    66 |   212 |   189 ||   576
         Scorch            |       |    14 |    31 |    49 ||    94
         Flame Wave        |       |       |     5 |    10 ||    15
  Evoke: Wand              |       |       |     3 |       ||     3
    Use: Potion            |       |     1 |     2 |     4 ||     7
         Scroll            |       |       |    17 |     3 ||    20
   Stab: Sleeping          |     3 |       |       |     1 ||     4
         Paralysed         |       |       |       |     1 ||     1
 Armour: Robe              |    42 |    19 |    63 |    50 ||   174
         Steam dragon scal |       |       |       |   188 ||   188
  Dodge: Dodged            |    67 |    23 |   102 |   250 ||   442
         Repelled          |       |       |     2 |     1 ||     3

Table legend: (Time is in decaauts)
 A = Elapsed time spent in this place.
 B = Non-inter-level travel time spent in this place.
 C = Inter-level travel time spent in this place.
 D = Time resting spent in this place.
 E = Time spent auto-exploring this place.
 F = Levels seen in this place.
 G = Mean time per level.
                   A        B        C        D        E       F      G
               +--------+--------+--------+--------+--------+-----+--------+
         Total |  15571 |  15007 |    564 |    885 |  11690 |  13 | 1197.8 |
       Dungeon |  11610 |  11205 |    405 |    849 |   8582 |   9 | 1290.0 |
        Temple |    233 |    149 |     84 |      0 |    130 |   1 |  233.0 |
          Lair |   3728 |   3653 |     75 |     36 |   2977 |   3 | 1242.7 |
               +--------+--------+--------+--------+--------+-----+--------+

Top non-repeatable levels by time:
  Lair:2: 1923 daAuts
     D:8: 1867 daAuts
     D:4: 1436 daAuts
     D:5: 1421 daAuts
     D:1: 1368 daAuts
     D:7: 1280 daAuts
     D:6: 1202 daAuts
  Lair:1: 1190 daAuts
     D:2: 1031 daAuts
     D:3: 1031 daAuts
     D:9: 969 daAuts
  Lair:3: 615 daAuts
  Temple: 233 daAuts
